 Dungeon Crawl Stone Soup version 0.31.0-32-g396128a36d (webtiles) character file.

Game seed: 15761354697954076141

16 mainiacjoe the Ruffian (level 2, 0/23 HPs)
             Began as a Draconian Shapeshifter on Mar 31, 2024.
             Slain by a goblin
             ... wielding a +0 club
             ... led by Robin
              (5 damage)
             ... on level 2 of the Dungeon.
             The game lasted 00:02:34 (834 turns).

mainiacjoe the Ruffian (Draconian Shapeshifter)      Turns: 834, Time: 00:02:34

Health: 0/23       AC:  4    Str: 16    XL:     2   Next: 37%
Magic:  2/2        EV: 11    Int: 10    God:
Gold:   47         SH:  3    Dex: 10    Spells: 1/1 levels left

rFire   . .          .
                       - Unarmed
rCold   . . .        j - +0 buckler
rNeg    . . .        (body armour unavailable)
rPois   .            (helmet currently unavailable)
rElec   .            (cloak currently unavailable)
rCorr   .            (gloves currently unavailable)
SInv    .            (boots currently unavailable)
Will    .....        (no amulet)
Stlth   +            (no ring)
HPRegen 0.23/turn    (no ring)
MPRegen 0.08/turn

%: no passive effects
@: beast-form
A: beast (slay +1), AC +4, unfitting armour, cold-blooded
a: Begin Untransformation


You were on level 2 of the Dungeon.
You were a hulking beast.
You visited 1 branch of the dungeon, and saw 2 of its levels.

You collected 47 gold pieces.

Inventory:

Hand Weapons
 d - a +0 flail
Missiles
 e - 2 poisoned darts
 i - 21 stones
Armour
 j - a +0 buckler (worn)
Talismans
 b - a beast talisman
 c - a flux talisman
Scrolls
 g - 2 scrolls of immolation
 h - a scroll of silence {unknown}
 l - a scroll of identify
 m - a scroll of teleportation {unknown}
Potions
 a - a potion of lignification
 f - a potion of heal wounds {unknown}
 k - a potion of mutation {unknown}
 n - a potion of attraction {unknown}
 o - a potion of degeneration {unknown}


   Skills:
 - Level 1.1 Fighting
 - Level 1.7 Dodging
 + Level 3.4 Unarmed Combat
 + Level 3.3 Shapeshifting


You had one spell level left.
You didn't know any spells.
Your spell library was empty.

Dungeon Overview and Level Annotations

Branches:
Dungeon (2/15)

Altars:

Annotations:
D:2 Robin


Innate Abilities, Weirdness & Mutations

You are a hulking beast.
Your limbs bulge with bestial killing power. (Slay +1)
Your plain brown scales are hard. (AC +4)
You cannot fit into any form of body armour.
You are cold-blooded and may be slowed by cold attacks.


Message History

A hobgoblin comes into view.
The goblin unwields a +0 sling.
The goblin wields a +0 dagger.
The goblin misses you.
You closely miss the kobold. You block the kobold's attack.
The goblin barely misses you.
You hit Robin.
Robin is lightly wounded.
Robin throws the goblin at you! You block the kobold's attack.
Unknown command.
The goblin shouts!
You hit the goblin.
You kill the goblin!
The kobold hits you but does no damage. The endoplasm misses you.
Robin throws the goblin at you!
The goblin unwields a +0 sling.
The goblin wields a +0 club.
The goblin closely misses you. The kobold attacks as it pursues you!
The kobold completely misses you. The goblin closely misses you.
Things that are here:
a +0 dagger; a +0 sling You hit the kobold.
You kill the kobold!
You barely miss the goblin. Robin throws the goblin at you!
The goblin closely misses you.
You barely miss the goblin. The goblin hits you with a +0 dagger.
The goblin hits you with a +0 club.
You barely miss the goblin. You block the goblin's attack.
The goblin hits you with a +0 club.
You are too injured to fight recklessly!
You closely miss the goblin. You tail-slap the goblin.
You kill the goblin!
Robin says, "Bow before me, strongest of all the hobgoblins!"
Robin throws the goblin at you! You block the goblin's attack.
The goblin hits you with a +0 club. The goblin hits you with a +0 club.
* * * LOW HITPOINT WARNING * * *
The goblin attacks as it pursues you! The goblin barely misses you.
The goblin unwields a +0 club.
The goblin wields a +0 sling.
The goblin shoots a sling bullet.
The sling bullet barely misses you. The goblin attacks as it pursues you!
The goblin hits you with a +0 club.
You die...

########## #........#
## .. #....h...####
.###..
#.....g.....###..#...
#........##..........#
#......gg##........#..
#######.)g)g.....#.#..
#####J.........#
#))....#.#.#
#g..........
##.......##..


You could see Robin, an endoplasm, a hobgoblin (strong) and 2 goblins.

Vanquished Creatures
  A ball python (D:1)
  An endoplasm (D:1)
  7 goblins
  A hobgoblin (D:1)
  A quokka (D:1)
  A frilled lizard (D:2)
  2 kobolds
14 creatures vanquished.

Notes
Turn   | Place    | Note
-------+----------+-------------------------------------------
     0 | D:1      | mainiacjoe the Draconian Shapeshifter began the quest for
                  | the Orb.
     0 | D:1      | Reached XP level 1. HP: 16/16 MP: 1/1
   779 | D:2      | Noticed Robin
   790 | D:2      | Reached XP level 2. HP: 22/23 MP: 2/2
   834 | D:2      | Slain by a goblin

Illustrated notes

Levels and vault maps discovered:
D:1:      dpeg_arrival_short_road, layout_loops_cross
D:2:      layout_rooms, basic_altar, shapermc_ecumenical_altar_hornbeckon,
          uniq_robin

Action                     || total
---------------------------++-------
  Melee: Unarmed           ||    34
         Tailslap          ||     3
  Throw: Dart              ||     2
    Use: Scroll            ||     1
 Armour: Skin              ||    27
  Dodge: Dodged            ||    23
  Block: Buckler           ||     8
